 Dungeon Crawl Stone Soup version 0.27-a0-972-gd1521fd518 (webtiles) character file.

Game seed: 10177409424892752205

67 kae the Ruffian (level 3, -1/28 HPs)
             Began as a Draconian Transmuter on Apr 13, 2021.
             Killed by divine providence
             ... invoked by an orc priest
              (13 damage)
             ... on level 2 of the Dungeon.
             The game lasted 00:00:42 (1265 turns).

kae the Ruffian (Draconian Transmuter)              Turns: 1265, Time: 00:00:43

Health: -1/28      AC:  6    Str: 12    XL:     3   Next: 98%
Magic:  6/6        EV: 12    Int: 14    God:
Gold:   93         SH:  0    Dex: 11    Spells: 2/6 levels left

rFire    . . .     SeeInvis .     - Unarmed
rCold    . . .     Faith    .   (no shield)
rNeg     . . .     Spirit   .   (armour unavailable)
rPois    .         Reflect  .   d - +1 hat
rElec    .         Harm     .   (no cloak)
rCorr    .         Rampage  .   (no gloves)
Will     .....                  (no boots)
Stlth    +.........             (no amulet)
HPRegen  0.09/turn              (no ring)
MPRegen  0.10/turn              (no ring)

@: no status effects
A: AC +5, unfitting armour, cold-blooded
a: no special abilities


You were on level 2 of the Dungeon.
You visited 1 branch of the dungeon, and saw 2 of its levels.

You collected 93 gold pieces.

Inventory:

Armour
 d - a +1 hat (worn)
Scrolls
 c - 3 scrolls of identify
 e - a scroll of noise {unknown}
Potions
 a - a potion of resistance {unknown}
 b - a potion of haste
 f - a potion of degeneration {unknown}


   Skills:
 + Level 1.6 Fighting
 + Level 2.2 Dodging
 * Level 3.5 Unarmed Combat
 + Level 2.3 Spellcasting
 * Level 2.9 Transmutations
 * Level 0.2 Poison Magic


You had 2 spell levels left.
You knew the following spells:

 Your Spells              Type           Power      Damage    Failure   Level
a - Beastly Appendage     Tmut           18%        N/A       7%          1
b - Spider Form           Tmut/Pois      3%         N/A       34%         3

Your spell library contained the following spells:

 Spells                   Type           Power      Damage    Failure   Level
 Wereblood                Tmut           9%         N/A       11%         2
 Ice Form                 Ice/Tmut       5%         N/A       77%         4
 Hydra Form               Tmut           4%         N/A       88%         5


Dungeon Overview and Level Annotations

Branches:
Dungeon (2/15)

Altars:


Innate Abilities, Weirdness & Mutations

Your plain brown scales are hard. (AC +5)
You cannot fit into any form of body armour.
You are cold-blooded and may be slowed by cold attacks.


Message History

There are monsters nearby!
Casting: Beastly Appendage (safe; 7% risk of failure)
Confirm with . or Enter, or press ? or * to list all spells.
You grow a pair of large bovine horns.
Your feet morph into talons.
Your +1 hat melds into your body.
The orc shouts!
An orc priest comes into view. It is wielding a +0 club.
The orc priest shouts!
You closely miss the frilled lizard. You claw the frilled lizard.
You kill the frilled lizard!
An orc wizard comes into view. It is wielding a +0 dagger.
A rat comes into view.
You hit the adder. Your kick misses the adder.
Your tail-slap misses the adder.
The adder is lightly wounded.
The giant cockroach barely misses you. The adder bites you.
The orc priest invokes the aid of Beogh against you.
Beogh smites you!
There are monsters nearby!
You are too injured to fight recklessly!
You are too injured to fight recklessly!
There are monsters nearby!
You are too injured to fight recklessly!
You are too injured to fight recklessly!
The giant cockroach barely misses you. The adder bites you but does no damage.
Things that are here:
a +0 dagger; a +0 hunting sling; 5 stones Your transformation is almost over.
The giant cockroach bites you but does no damage.
You see here a hobgoblin corpse.
There is an open door, spattered with blood here.
The giant cockroach bites you but does no damage.
The giant cockroach barely misses you.
Your horns disappear.
Your talons disappear.
Your +1 hat unmelds from your body.
The giant cockroach completely misses you.
The orc priest casts a cantrip, but nothing happens.
The orc priest calls down the wrath of Beogh upon you.
Beogh smites you!
You die...

#####.# #.
###########.....###.
#.........'....>....
##.########....#####
#.# #....# #.#
###### #.#
#.#############
#.@BS..o.o..r.#
#############.# #.#
#.##### #o##..
#.##.## ####o##..o
#....r.)#.
#.......#.


You could see an orc priest, an adder, an orc and a giant cockroach.

Vanquished Creatures
  A howler monkey (D:2)
  2 dart slugs
  2 bats
  5 goblins
  A hobgoblin (D:2)
  4 jackals (D:1)
  A kobold (D:2)
  A quokka (D:2)
  A ball python (D:1)
  3 frilled lizards
  5 rats
26 creatures vanquished.

Notes
Turn   | Place    | Note
-------+----------+-------------------------------------------
     0 | D:1      | kae the Draconian Transmuter began the quest for the Orb.
     0 | D:1      | Reached XP level 1. HP: 16/16 MP: 3/3
   292 | D:1      | Reached XP level 2. HP: 22/23 MP: 3/5
  1041 | D:2      | Noticed a howler monkey
  1054 | D:2      | Killed a howler monkey
  1055 | D:2      | Reached XP level 3. HP: 21/28 MP: 4/6
  1059 | D:2      | Learned a level 3 spell: Spider Form
  1265 | D:2      | Killed from afar by an orc priest

Illustrated notes

Levels and vault maps discovered:
D:1:      dpeg_arrival_arbitrary_c, layout_rooms
D:2:      layout_basic, shapermc_ecumenical_altar_mp_urbaneastern, uniq_robin

Skill      XL: |  1  2 |
---------------+-------+-----
Dodging        | 2 |  2.2
Fighting       | |  1.6
Unarmed Combat | |  3.5
Spellcasting   | |  2.3
Transmutations | |  2.9
Poison Magic   | |  0.2

Action                   || total
-------------------------++-------
Melee: Unarmed           ||    82
       Kick              ||    10
       Headbutt          ||     3
       Tailslap          ||     2
       Punch             ||     1
 Cast: Beastly Appendage ||    16
  Use: Scroll            ||     2
Armor: Skin              ||    24
Dodge: Dodged            ||    61

Table legend: (Time is in decaauts)
 A = Elapsed time spent in this place.
 B = Non-inter-level travel time spent in this place.
 C = Inter-level travel time spent in this place.
 D = Time resting spent in this place.
 E = Time spent auto-exploring this place.
 F = Levels seen in this place.
 G = Mean time per level.
                   A        B        C        D        E       F      G
               +--------+--------+--------+--------+--------+-----+--------+
         Total |   1259 |   1228 |     31 |      3 |   1004 |   2 |  629.5 |
       Dungeon |   1259 |   1228 |     31 |      3 |   1004 |   2 |  629.5 |
               +--------+--------+--------+--------+--------+-----+--------+

Top non-repeatable levels by time:
     D:1: 894 daAuts
     D:2: 364 daAuts
